 Dungeon Crawl Stone Soup version 0.25-a0-665-ga69d640 (webtiles) character file.

Game seed: 12922975708019592074, levelgen mode: deterministic

28281 tygod the Carver (level 13, -8/72 HPs)
             Began as a Gargoyle Monk on Mar 26, 2020.
             Was an Elder of Hepliaklqana.
             Killed from afar by Mbali the battlemage (32 damage)
             ... with an exploding inner flame
             ... created by the player character
             ... hexed by the player character
             ... on level 15 of the Dungeon.
             The game lasted 02:15:41 (13874 turns).

tygod the Carver (Gargoyle Monk)                   Turns: 13874, Time: 02:15:41

Health: -8/72      AC: 22    Str: 17    XL:     13   Next: 37%
Magic:  25/25      EV: 14    Int: 18    God:    Hepliaklqana [****..]
Gold:   350        SH: 11    Dex: 15    Spells: 11/13 levels left

rFire    . . .     SeeInvis .   L - +5 long sword (freeze)
rCold    . . .     Gourm    .   z - +0 kite shield
rNeg     + . .     Faith    .   p - +1 troll leather armour {Snorg}
rPois    ∞         Spirit   .   a - +3 hat of Pondering {ponderous, MR+ MP+10 Int+5}
rElec    +         Reflect  .   S - +1 cloak
rCorr    .         Harm     .   (no gloves)
MR       +....                  w - +0 pair of boots
Stlth    +++.......             A - amulet of the acrobat
HPRegen  0.62/turn              q - +2 ring of dexterity
MPRegen  0.19/turn              M - ring of poison resistance

@: about to teleport, slow
A: reduced essence, negative energy resistance 1, electricity resistance,
unbreathing, petrification resistance, rot immunity, AC +9
a: Recall Ancestor, Ancestor Identity, Transference, Idealise, Renounce Religion


You were on level 15 of the Dungeon.
You worshipped Hepliaklqana.
Hepliaklqana was greatly pleased with you.
You were very hungry.

You visited 2 branches of the dungeon, and saw 15 of its levels.

You collected 572 gold pieces.
You spent 222 gold pieces at shops.

Inventory:

Hand Weapons
 i - a +1 triple sword of holy wrath
 l - a +3 mace of holy wrath
 n - a +2 longbow of flaming
 L - a +5 long sword of freezing (weapon)
 P - a +2 vorpal hand axe
 Y - a +1 whip of flaming
Missiles
 e - 169 stones
 v - 5 datura-tipped darts
 x - 11 javelins (quivered)
 B - 5 atropa-tipped darts
 R - 6 curare-tipped darts
Armour
 a - the +3 hat of Pondering (worn) {ponderous, MR+ MP+10 Int+5}
   (You took it off Gastronok on level 8 of the Dungeon)

   It affects your intelligence (+5).
   It affects your resistance to hostile enchantments.
   It affects your magic capacity (+10).
 p - a +1 troll leather armour (worn) {Snorg}
 w - a +0 pair of boots (worn)
 z - a +0 kite shield (worn)
 H - a +2 leather armour of fire resistance
 S - a +1 cloak (worn)
Jewellery
 f - a +2 ring of evasion
 h - an uncursed ring of see invisible {unknown}
 m - an uncursed ring of ice
 q - a +2 ring of dexterity (left hand)
 A - an amulet of the acrobat (around neck)
 M - a ring of poison resistance (right hand)
Wands
 s - a wand of enslavement (3)
 C - a wand of iceblast (9)
 E - a wand of flame (1)
 I - a wand of paralysis (16)
 N - a wand of polymorph (4)
Scrolls
 b - 2 scrolls of amnesia
 d - 2 scrolls of random uselessness
 j - 4 scrolls of magic mapping
 o - a scroll of identify
 u - 2 scrolls of fear
 y - a scroll of vulnerability
 D - 2 scrolls of enchant armour
 F - 2 scrolls of enchant weapon
 G - a scroll of fog {unknown}
 Z - a scroll of brand weapon {unknown}
Potions
 g - a potion of mutation {unknown}
 r - a potion of haste
 t - a potion of brilliance {unknown}
 K - a potion of ambrosia
 O - 2 potions of lignification
Comestibles
 c - 12 rations
 k - 3 chunks of flesh


   Skills:
 + Level 9.0 Fighting
   Level 3.8(7.5) Short Blades
 + Level 10.1(10.4) Long Blades
 + Level 1.7(3.7) Axes
 + Level 5.5(5.7) Maces & Flails
 + Level 7.4 Throwing
 + Level 8.1 Armour
 + Level 6.5 Dodging
 + Level 5.0 Stealth
 + Level 9.3 Shields
 + Level 0.6 Spellcasting
 + Level 0.4 Translocations
 + Level 3.4 Invocations
 + Level 2.5 Evocations


You had 11 spell levels left.
You knew the following spells:

 Your Spells              Type           Power        Failure   Level  Hunger
a - Blink                 Tloc           N/A          54%         2    ###....

Your spell library contained the following spells:

 Spells                   Type           Power        Failure   Level  Hunger
 Magic Dart               Conj           #...         45%         1    ##.....
 Call Imp                 Summ           #.......     61%         2    ###....
 Slow                     Hex            #.......     61%         2    ###....
 Conjure Flame            Conj/Fire      #.......     83%         3    ####...
 Mephitic Cloud           Conj/Pois/Air  #.......     83%         3    ####...


Dungeon Overview and Level Annotations

Branches:
Dungeon (14/15)            Temple (1/1) D:4            Lair (0/6) D:10
 Vaults (0/5) D:13
    Orc: D:9-12

Altars:
Ashenzari
Cheibriados
Dithmenos
Elyvilon
Fedhas
Gozag
Hepliaklqana
Kikubaaqudgha
Makhleb
Nemelex Xobeh
Okawaru
Qazlal
Ru
Sif Muna
Trog
Uskayaw
Vehumet
Wu Jian
Xom
Yredelemnul
Zin
The Shining One

Shops:
D:4 *   D:5 !   D:6 :   D:8 }=   D:14 :

Portals:
Trove: D:10 (give +6 demon whip)


Innate Abilities, Weirdness & Mutations

You are resistant to torment.
Your stone body is resilient. (AC +9)
You are immune to poison.
You resist negative energy. (rN+)
You are resistant to electric shocks. (rElec)
You can survive without breathing.
You are immune to petrification.
You are immune to rotting.
Your life essence is reduced to manifest your ancestor. (-10% HP)


Message History

Flame seeps out of the ogre mage.
The ogre mage hits Mbali with a +0 flail.
Flame seeps out of Mbali.
The ogre closely misses Mbali.
The orc wizard closely misses you.
Mbali is engulfed in blazing flames.
Mbali the battlemage explodes!
The fiery explosion engulfs the ogre!!
The ogre explodes!
The fiery explosion engulfs the ogre!
Flame seeps out of the ogre.
The ogre is severely wounded.
The fiery explosion engulfs the ogre mage!!!
The ogre mage explodes!
The fiery explosion engulfs the ogre!!!
The ogre explodes!
The fiery explosion engulfs the two-headed ogre!!
Flame seeps out of the two-headed ogre.
The two-headed ogre is heavily wounded.
The fiery explosion engulfs you!!
Your Stealth skill increases to level 5!
The fiery explosion engulfs you!!
You die...

.....# ..
..%...# ...
.......## ....
.....%..#
##....
........##..o..
.........oo.#
......§§§o##
..%..%§○○@.#
..=.(.§§○OJ#
......§§§§.#
..........##
......%..##
.........#
.......###
......# ...#


You could see a two-headed ogre (inner flame), an orc warrior, a jelly (inner
flame), an orc wizard (inner flame) and an orc (inner flame).

Vanquished Creatures
  Rupert (D:13)
  Gastronok (D:8)
  A fire dragon (D:13)
  Snorg (D:10)
  A hydra (D:14)
  2 ogre magi
  5 two-headed ogres
  Nergalle (D:10)
  4 ugly things (D:14)
  2 meliai (D:14)
  A hornet (D:13)
  3 slime creatures (D:13)
  2 hippogriffs
  A wyvern (D:9)
  9 humans (D:13)
  5 yaks
  An orc warrior (D:10)
  A phantom (D:4)
  5 ogres
  3 centaurs
  A big kobold (D:8)
  2 scorpions
  A killer bee (D:7)
  A wight (D:10)
  2 electric eels (D:10)
  A howler monkey (D:5)
  4 crimson imps
  A centaur zombie (D:5)
  2 quasits
  3 bullfrog skeletons
  4 hounds
  An orc priest (D:4)
  A jelly (D:5)
  3 orc wizards
  4 worker ants
  A worker ant zombie (D:5)
  Robin (D:2)
  3 gnolls
  4 adders
  2 shadow imps
  An ooze (D:3)
  An adder skeleton (D:4)
  4 worms
  6 leopard geckos
  24 orcs
  2 ball pythons
  9 bats
  4 giant cockroaches
  11 goblins
  11 hobgoblins
  13 jackals
  3 quokkas
  5 frilled lizards
  A jackal skeleton (D:4)
  7 kobolds
  A leopard gecko skeleton (D:4)
  A leopard gecko zombie (D:9)
  A quokka skeleton (D:9)
  10 rats
207 creatures vanquished.

Vanquished Creatures (collateral kills)
  Nessos (D:14)
  3 two-headed ogres
  An ugly thing (D:14)
  Pikel (D:9)
  An orc knight (D:13)
  A manticore (D:14)
  A meliai (D:14)
  A hippogriff (D:10)
  A vampire (D:10)
  9 yaks
  4 humans (D:13)
  A hungry ghost (D:8)
  A water moccasin (D:7)
  4 orc warriors
  A slave (D:9)
  2 sky beasts
  An ice beast (D:8)
  A phantom (D:14)
  2 ogres
  A centaur (D:9)
  2 crocodiles
  3 bullfrogs
  2 gnoll sergeants
  3 killer bees (D:7)
  3 wights
  2 electric eels (D:10)
  A crimson imp (D:8)
  2 centaur zombies
  2 hounds
  5 orc priests
  2 jellies
  A bullfrog skeleton (D:6)
  Ijyb (D:3)
  An iguana (D:7)
  7 orc wizards
  3 worker ants
  A hound zombie (D:8)
  6 gnolls
  2 adders
  2 worms
  A leopard gecko (D:6)
  17 orcs
  5 goblins (D:2)
  5 jackals
  4 kobolds (D:8)
  A rat (D:3)
122 creatures vanquished.

Vanquished Creatures (others)
  15 battlemagi
15 creatures vanquished.

Grand Total: 344 creatures vanquished

Notes
Turn   | Place    | Note
-------+----------+-------------------------------------------
     0 | D:1      | tygod the Gargoyle Monk began the quest for the Orb.
     0 | D:1      | Reached XP level 1. HP: 14/14 MP: 1/1
   298 | D:1      | Reached XP level 2. HP: 17/19 MP: 2/2
   978 | D:2      | Noticed Robin
  1101 | D:1      | Reached XP level 3. HP: 10/24 MP: 3/3
  1754 | D:2      | Reached XP level 4. HP: 21/29 MP: 4/4
  2269 | D:3      | Found an opulent altar of Gozag.
  2282 | D:3      | Noticed Ijyb
  2314 | D:3      | Reached skill level 1 in Armour
  2316 | D:3      | Reached skill level 1 in Long Blades
  2328 | D:3      | Reached XP level 5. HP: 29/33 MP: 5/5
  2352 | D:3      | Reached skill level 2 in Long Blades
  2809 | D:5      | Entered Level 5 of the Dungeon
  2867 | D:5      | Reached XP level 6. HP: 36/38 MP: 6/6
  2945 | D:5      | Found Fohom's Distillery.
  2953 | D:5      | Bought a potion of curing for 45 gold pieces
  2978 | D:5      | Reached skill level 3 in Long Blades
  3175 | D:5      | Reached skill level 1 in Throwing
  3265 | D:5      | Reached XP level 7. HP: 42/44 MP: 7/7
  3333 | D:5      | Reached skill level 5 in Fighting
  3390 | D:5      | Found an iron altar of Okawaru.
  4227 | D:5      | Reached skill level 4 in Long Blades
  4620 | D:6      | Reached skill level 1 in Shields
  5012 | D:5      | Upgraded the game from 0.25-a0-663-gace7076 to
                  | 0.25-a0-665-ga69d640
  5081 | D:4      | Found a staircase to the Ecumenical Temple.
  5088 | D:4      | Reached XP level 8. HP: 18/49 MP: 8/8
  5094 | Temple   | Entered the Ecumenical Temple
  5390 | Temple   | Became a worshipper of Hepliaklqana the Forgotten
  5390 | Temple   | Reached * piety under Hepliaklqana
  5390 | Temple   | Reached ** piety under Hepliaklqana
  5407 | D:4      | Remembered your ancestor Mbali as a battlemage
  5487 | D:4      | Reached skill level 5 in Long Blades
  5671 | D:4      | Found Widisugh's Elemental Accessories.
  5842 | D:3      | Killed Ijyb
  5918 | D:3      | Found an ancient bone altar of Kikubaaqudgha.
  5962 | D:3      | You fall into a shaft and drop 2 floors!
  6542 | D:8      | Reached *** piety under Hepliaklqana
  6631 | D:8      | Found a stormy altar of Qazlal.
  6631 | D:8      | Found a sacrificial altar of Ru.
  6631 | D:8      | Found a bloodstained altar of Trog.
  6717 | D:7      | Reached skill level 5 in Armour
  6717 | D:7      | Reached XP level 9. HP: 49/49 MP: 9/9
  7076 | D:7      | Reached skill level 6 in Long Blades
  7192 | D:6      | Found Maurusch's Book Shoppe.
  7390 | D:5      | Bought a potion of lignification for 45 gold pieces
  8073 | D:2      | Killed Robin
  8628 | D:8      | Noticed Gastronok
  8641 | D:8      | HP: 2/49 [Gastronok/the air (35)]
  8747 | D:8      | Killed Gastronok
  8747 | D:8      | Reached skill level 1 in Axes
  8747 | D:8      | Reached XP level 10. HP: 47/54 MP: 10/10
  8900 | D:8      | Reached skill level 5 in Shields
  9040 | D:8      | Found Umishrig's Gadget Shop.
  9060 | D:8      | Bought a wand of paralysis (7) for 108 gold pieces
  9065 | D:8      | Reached **** piety under Hepliaklqana
  9353 | D:9      | Noticed a two-headed ogre
  9383 | D:9      | Killed a two-headed ogre
  9383 | D:9      | Reached skill level 5 in Throwing
  9531 | D:9      | Reached skill level 1 in Evocations
  9717 | D:10     | Entered Level 10 of the Dungeon
 10285 | D:9      | Noticed Pikel
 10291 | D:9      | Killed Pikel
 10291 | D:9      | Reached skill level 5 in Maces & Flails
 10291 | D:9      | Reached skill level 1 in Invocations
 10291 | D:9      | Reached XP level 11. HP: 59/59 MP: 11/11
 10403 | D:8      | Found Muop's Jewellery Boutique.
 10413 | D:8      | Bought a cursed -6 ring of intelligence for 24 gold pieces
 10694 | D:8      | Learned a level 2 spell: Blink
 11560 | D:10     | Noticed Snorg
 11570 | D:10     | Killed Snorg
 11847 | D:10     | Found a staircase to the Lair.
 12070 | D:10     | Found a portal to a secret trove of treasure.
 12151 | D:10     | Noticed Nergalle
 12163 | D:10     | Noticed a two-headed ogre
 12176 | D:10     | Killed Nergalle
 12176 | D:10     | Reached skill level 5 in Dodging
 12407 | D:11     | Noticed a two-headed ogre
 12413 | D:11     | Killed a two-headed ogre
 12483 | D:11     | Found a shattered altar of Ashenzari.
 12501 | D:11     | You fall into a shaft and drop 3 floors!
 12502 | D:14     | Noticed a purple ugly thing
 12502 | D:14     | Noticed a purple ugly thing
 12502 | D:14     | Noticed a purple ugly thing
 12502 | D:14     | Noticed an ogre mage
 12502 | D:14     | Noticed a two-headed ogre
 12502 | D:14     | Noticed a two-headed ogre
 12502 | D:14     | Noticed a two-headed ogre
 12502 | D:14     | Noticed a two-headed ogre
 12502 | D:14     | Noticed a five-headed hydra
 12502 | D:14     | Noticed a purple ugly thing
 12528 | D:14     | Killed a two-headed ogre
 12531 | D:14     | Noticed a manticore
 12556 | D:14     | Noticed a purple ugly thing
 12560 | D:14     | Killed a purple ugly thing
 12571 | D:14     | Killed a purple ugly thing
 12580 | D:14     | Killed a red ugly thing
 12580 | D:14     | Reached skill level 7 in Long Blades
 12597 | D:14     | Killed a purple ugly thing
 12601 | D:14     | Killed a manticore
 12601 | D:14     | Reached XP level 12. HP: 51/64 MP: 4/13
 12603 | D:14     | Killed a two-headed ogre
 12609 | D:14     | Killed a two-headed ogre
 12621 | D:14     | Killed a two-headed ogre
 12636 | D:14     | Killed an ogre mage
 12672 | D:14     | Killed a five-headed hydra
 12672 | D:14     | Reached skill level 8 in Long Blades
 12888 | D:14     | Found Jevozug's Book Shop.
 13229 | D:13     | Noticed Rupert
 13230 | D:13     | Noticed Nessos
 13281 | D:13     | Killed Rupert
 13330 | D:13     | Noticed a fire dragon
 13331 | D:13     | Reached skill level 9 in Long Blades
 13404 | D:14     | Killed Nessos
 13404 | D:14     | Reached XP level 13. HP: 34/71 MP: 15/15
 13715 | D:13     | Killed a fire dragon
 13795 | D:13     | Found a gate to the Vaults.
 13852 | D:13     | You fall into a shaft and drop 2 floors!
 13852 | D:15     | Entered Level 15 of the Dungeon
 13853 | D:15     | Noticed an ogre mage
 13866 | D:15     | Reached skill level 10 in Long Blades
 13867 | D:15     | Paralysed by an ogre mage for 3 turns
 13874 | D:15     | Killed an ogre mage
 13874 | D:15     | Reached skill level 5 in Stealth
 13874 | D:15     | Killed from afar by Mbali the battlemage

Levels and vault maps discovered:
D:1:      ncdulo_watergridlock, layout_loops_ring
D:2:      layout_rooms, uniq_robin
D:3:      layout_loops_ring, marbit_many_paths, cheibrodos_sewer_entry_drain,
          nicolae_gozag_seed_capital, uniq_ijyb
D:4:      layout_basic, minmay_temple_entry_proselytizer, first_ration,
          nicolae_elemental_shop
D:5:      layout_rooms, serial_shops, kennysheep_mini_moat,
          kennysheep_okawaru_gauntlet
D:6:      layout_gridville, serial_shops, shop
D:7:      layout_gridville, minivault_4, roderic_roman_lattice
D:8:      layout_layer_cave, gammafunk_temple_overflow_forgotten, serial_shops,
          shop, nicolae_shop_stone, uniq_gastronok
D:9:      layout_loops_corners, uniq_pikel
D:10:     layout_basic, david_lair_generic, nicolae_trove_entry_diagonal,
          hangedman_pestilent_swarm, grunt_ministairs_8, nicolae_water_bricks,
          grunt_decor_one_mirror, minmay_strange_pillars, uniq_sonja,
          uniq_nergalle, uniq_snorg
D:11:     layout_layer_cave, david_orc_2, nicolae_ashenzari_panopticon
D:13:     layout_roguey [special_room_orc], david_vaults_3, item_on_display_a
D:14:     layout_cave_pods, serial_shops, nicolae_shop_waterfront,
          chequers_hall_statues_wall_a, minmay_beelzebubs_servants
D:15:     grunt_enter_depths_hoard, layout_cave_pods, minmay_tree_intersection,
          chequers_decorated_corner, corexii_leaking_fountain,
          minmay_hedge_maze, grunt_ministairs_1, nicolae_two_hexagons
Temple:   eino_narrow_crystal_temple

Skill      XL: |  1  2  3  4  5  6  7  8  9 10 11 12 13 |
---------------+----------------------------------------+-----
Short Blades   | 3 |  3.8
Armour         | 1 2 3 5 7 8 |  8.1
Long Blades    | 1 2 3 4 5 6 7 9 10 | 10.1
Fighting       | 4 5 6 7 8 9 |  9.0
Dodging        | 3 4 5 6 |  6.5
Throwing       | 1 2 4 5 6 7 |  7.4
Shields        | 1 3 4 6 7 8 9 |  9.3
Stealth        | 3 4 5 |  5.0
Axes           | 1 |  1.7
Maces & Flails | 2 5 |  5.5
Evocations     | 1 2 |  2.5
Invocations    | 1 2 3 |  3.4
Spellcasting   | |  0.6
Translocations | |  0.4

Action                   |  1- 3 |  4- 6 |  7- 9 | 10-12 | 13-15 || total
-------------------------+-------+-------+-------+-------+-------++-------
Melee: Short sword       |   136 |       |    21 |       |       ||   157
       Falchion          |    37 |   224 |   196 |    91 |       ||   548
       Mace              |       |       |    14 |    83 |       ||    97
       Hand axe          |       |       |    10 |       |       ||    10
       Long sword        |       |       |       |   172 |    88 ||   260
Throw: Stone             |    39 |    16 |    44 |       |       ||    99
       Javelin           |       |       |    33 |    74 |       ||   107
       Dart              |       |       |       |     6 |     1 ||     7
 Cast: Blink             |       |       |       |     2 |       ||     2
Invok: Recall Ancestor   |       |       |     1 |     2 |     1 ||     4
       Ancestor Life: Ba |       |       |     1 |       |       ||     1
       Ancestor Identity |       |       |     1 |       |       ||     1
       Idealise          |       |       |       |     4 |       ||     4
       Transference      |       |       |       |     1 |       ||     1
Evoke: Wand              |       |       |     4 |    15 |     2 ||    21
  Use: Scroll            |       |     2 |     8 |    20 |     2 ||    32
       Potion            |       |     2 |     3 |    15 |       ||    20
 Stab: Distracted        |       |       |       |     3 |     2 ||     5
  Eat: Chunk             |     3 |     5 |    14 |     4 |     1 ||    27
       Ration            |       |       |     1 |     4 |       ||     5
Armor: Robe              |    52 |       |       |       |       ||    52
       Scale mail        |    63 |   131 |   198 |    34 |       ||   426
       Skin              |       |       |       |    35 |       ||    35
       Troll leather arm |       |       |       |    64 |    52 ||   116
       Leather armour    |       |       |       |     3 |       ||     3
Dodge: Dodged            |   141 |   108 |   128 |   173 |    58 ||   608
Block: Kite shield       |       |       |   131 |   178 |    58 ||   367
       Rpst.: Falchion   |     7 |    44 |    29 |    12 |       ||    92
       Long sword        |       |       |       |    21 |    17 ||    38

Table legend:
 A = Non-vault XP
 B = Vault XP
 C = Vault XP percentage of total XP
 D = Non-vault monster count
 E = Vault monster count
 F = Vault count percentage of total count
                 A         B        C        D         E       F
            +---------+---------+-------+---------+---------+-------
      Total |   26410 |   13992 |  34.6 |     281 |      47 |  14.3
            +---------+---------+-------+---------+---------+-------
        D:1 |      35 |       2 |   5.4 |      23 |       1 |   4.2
        D:2 |      55 |      33 |  37.5 |      20 |      12 |  37.5
        D:3 |     159 |      47 |  22.8 |      27 |       4 |  12.9
        D:4 |     521 |      43 |   7.6 |      14 |       1 |   6.7
        D:5 |     543 |       0 |   0.0 |      25 |       0 |   0.0
        D:6 |     633 |       0 |   0.0 |      18 |       0 |   0.0
        D:7 |    1010 |       0 |   0.0 |      22 |       0 |   0.0
        D:8 |    1351 |    2234 |  62.3 |      37 |       1 |   2.6
        D:9 |    2672 |     633 |  19.2 |      23 |       4 |  14.8
       D:10 |    1248 |    2333 |  65.1 |      17 |       7 |  29.2
       D:11 |    1195 |       0 |   0.0 |       6 |       0 |   0.0
       D:13 |    2683 |    7314 |  73.2 |      13 |      16 |  55.2
       D:14 |   11120 |    1353 |  10.8 |      30 |       1 |   3.2
       D:15 |    3185 |       0 |   0.0 |       6 |       0 |   0.0
            +---------+---------+-------+---------+---------+-------
